 Dungeon Crawl Stone Soup version 0.31-a0-691-g409c26aa35 (webtiles) character file.

Game seed: 12020609177402729398

27884 demibob the Prestidigitator (level 13, -1/95 HPs)
             Began as a Demonspawn Chaos Knight on Sept 6, 2023.
             Was a Plaything of Xom.
             Slain by a skyshark (3 damage)
             ... on level 3 of the Lair of Beasts.
             The game lasted 00:39:31 (13583 turns).

demibob the Prestidigitator (DsCK)                 Turns: 13583, Time: 00:39:33

Health: -1/95      AC: 15    Str: 16 (17) XL:     13   Next: 6%
Magic:  0/22       EV: 11    Int: 16 (17) God:    Xom [......]
Gold:   722        SH:  0    Dex: 16 (18) Spells: 12/12 levels left

rFire   + . .        a - +0 spear (venom)
rCold   + + .        (no shield)
rNeg    . . .        E - +3 ring mail of Cunalage {rElec rF+ Stlth+}
rPois   +            (helmet unavailable)
rElec   +            A - +1 cloak
rCorr   .            g - +0 pair of gloves
SInv    +            f - +0 pair of boots
Will    +....        r - amulet "Koinu" {Faith rC+ MP+9 Int+2 SInv}
Stlth   ++           P - ring of poison resistance
HPRegen 0.35/turn    W - ring of willpower
MPRegen 0.36/turn

%: guardian spirit, faith
@: no status effects
A: horns 3, spiny 2, magic shield, magic regeneration, magic link, sturdy frame
2, agile 1, clever 1, cold resistance 1, deterioration 1, strong 1, MP-powered
wands, noise suppression
a: Renounce Religion


You were on level 3 of the Lair of Beasts.
You worshipped Xom.
You were a very special plaything of Xom.
You visited 2 branches of the dungeon, and saw 13 of its levels.
You also visited: Ossuary, Gauntlet and Ice Cave.

You collected 1064 gold pieces.
You spent 342 gold pieces at shops.


Innate Abilities, Weirdness & Mutations

You have a pair of large horns on your head.
You are mostly covered in sharp spines.
When hurt, damage is shared between your health and your magic reserves.
You regenerate magic rapidly.
When low on magic, you restore magic in place of health.
Your movements are less encumbered by armour. (ER -4)
You are agile. (Dex +4, Str/Int -1)
Your mind is acute. (Int +4, Str/Dex -1)
Your flesh is cold resistant. (rC+)
Your body sometimes deteriorates upon taking damage.
Your muscles are strong. (Str +4, Int/Dex -1)
You expend magic power (3 MP) to strengthen your wands.
You passively dampen the noise of your surroundings.


   Skills:
 + Level 6.9 Fighting
 - Level 12.0 Polearms
 - Level 10.0 Armour
 - Level 0.8 Dodging
 + Level 13.8 Evocations


You had 12 spell levels left.
You didn't know any spells.
Your spell library contained the following spells:

 Spells                   Type           Power      Damage    Failure   Level
 Apportation              Tloc           0%         N/A       26%         1
 Magic Dart               Conj           0%         1d3       26%         1
 Necrotise                Necr           0%         1d4       26%         1
 Summon Small Mammal      Summ           0%         N/A       26%         1
 Blink                    Tloc           0%         N/A       38%         2
 Searing Ray              Conj           0%         2d4       38%         2
 Gell's Gravitas          Tloc           0%         N/A       63%         3
 Inner Flame              Hex/Fire       0%         N/A       63%         3
 Portal Projectile        Hex/Tloc       0%         N/A       63%         3
 Stone Arrow              Conj/Erth      0%         3d7       63%         3
 Teleport Other           Tloc           0%         N/A       63%         3
 Animate Armour           Summ/Erth      0%         N/A       95%         4
 Flame Wave               Conj/Fire      0%         2d4       95%         4
 Fulminant Prism          Conj/Hex       0%         3d5       95%         4
 Manifold Assault         Tloc           0%         N/A       95%         4
 Sticky Flame             Conj/Fire      0%         2d3       95%         4
 Vhi's Electric Charge    Tloc/Air       0%         N/A       95%         4
 Arcjolt                  Conj/Air       0%         1d10      100%        5
 Fireball                 Conj/Fire      0%         3d3       100%        5
 Iskenderun's Battlesphe  Conj           0%         2d6       100%        5
 Conjure Ball Lightning   Conj/Air       0%         3x3d6     100%        6
 Dispersal                Tloc           0%         N/A       100%        6
 Plasma Beam              Fire/Air       0%         2x1d10    100%        6
 Orb of Destruction       Conj           0%         9d5       100%        7
 Disjunction              Tloc           0%         N/A       100%        8
 Lehudib's Crystal Spear  Conj/Erth      0%         10d2      100%        8
 Fire Storm               Conj/Fire      0%         5d1       100%        9

Inventory:

Hand Weapons
 a - a +0 spear of venom (weapon)
 H - the +9 orcbow of Truth {drain, Fly Str+4 Dex+2 SInv}
   (You found it in a Gauntlet)

   Str+4:     It affects your strength (+4).
   Dex+2:     It affects your dexterity (+2).
   SInv:      It lets you see invisible.
   Fly:       It grants you flight.
Missiles
 i - 5 throwing nets {=f}
 y - 14 curare-tipped darts {=f}
 z - 10 atropa-tipped darts
Armour
 f - a +0 pair of boots (worn)
 g - a +0 pair of gloves (worn)
 A - a +1 cloak (worn)
 E - the +3 ring mail of Cunalage (worn) {rElec rF+ Stlth+}
   (You found it on level 8 of the Dungeon)

   rF+:       It protects you from fire.
   rElec:     It insulates you from electricity.
   Stlth+:    It makes you more stealthy.
 K - +0 swamp dragon scales
Jewellery
 c - a ring of protection from cold
 r - the amulet "Koinu" (around neck) {Faith rC+ MP+9 Int+2 SInv}
   (You acquired it on level 5 of the Dungeon)

   [amulet of faith]

   Faith:     It allows you to gain divine favour quickly.
   Int+2:     It affects your intelligence (+2).
   rC+:       It protects you from cold.
   MP+9:      It affects your magic capacity (+9).
   SInv:      It lets you see invisible.
 s - an amulet of regeneration
 v - a ring of see invisible
 C - a ring of protection from cold
 I - a +6 ring of intelligence
 L - a ring of flight
 P - a ring of poison resistance (left hand)
 W - a ring of willpower (right hand)
Wands
 d - a wand of digging (3)
 j - a wand of polymorph (39)
 k - a wand of flame (40)
 G - a wand of roots (3)
Scrolls
 e - a scroll of amnesia
 m - 3 scrolls of teleportation {@r2}
 p - a scroll of poison
 q - 4 scrolls of enchant weapon
 u - a scroll of fog
 N - 2 scrolls of enchant armour
 O - a scroll of vulnerability
Potions
 h - a potion of lignification
 n - 5 potions of mutation
 o - a potion of invisibility
 t - 3 potions of attraction
 w - 2 potions of resistance
 x - 2 potions of curing {@q1}
 D - 3 potions of brilliance
 F - 2 potions of ambrosia
 M - a potion of enlightenment
Miscellaneous
 l - a lightning rod (inert)
 J - a sack of spiders (inert)

Dungeon Overview and Level Annotations

Branches:
Dungeon (10/15)            Temple (0/1) D:6            Lair (3/5) D:10
  Swamp (0/4) Lair:2       Spider (0/4) Lair:2          Orc (0/2) D:10
Ossuary (visited)           IceCv (visited)         Gauntlet (visited)

Altars:
Ashenzari
Dithmenos
Fedhas
Hepliaklqana
Kikubaaqudgha
Nemelex Xobeh
Okawaru
Trog
Xom
Yredelemnul

Shops:
D:5 !   D:6 ?(=   D:7 :

Annotations:
D:3 exclusion: moth of wrath
D:5 2 transporters, lunkers's ghost, novice MeSh

#### ###### #### ***
##..###....####.#P
#*#.*###.#..........#.#..
****#.##.#................#..
*,,,!.........l...........†..
***,......#..#............+..
*,.......l##...l......###..
*,........@#..........# #..
**P..PP#######.####.P## #..
*..#.,* ### *#P.# #.. *#..,**
**...# ### #.,,* *..### *
#*,** *,,*** *,,** **,,,,* **
*** ****,,,*** *****,,,,**
**, *,***,,,,,,,,*
**,*,,,,,*,****,,


You could see a skyshark (berserk, extremely poisoned).


Message History

You completely miss the skyshark. Your headbutt misses the skyshark.
The skyshark is severely wounded.
You hit the skyshark but do no damage.
The skyshark looks as sick as possible!
The skyshark is severely wounded.
The skyshark bites you!!
* * * LOW HITPOINT WARNING * * *
Your body deteriorates!
You feel clumsy.
The skyshark tail-slaps you but does no damage. x2
Okay, then.
Okay, then.
You closely miss the skyshark.
You headbutt the skyshark, but do no damage.
The skyshark is severely wounded.
The skyshark is struck by your spines.
The skyshark bites you but does no damage.
The skyshark tail-slaps you but does no damage. x2
You hit the skyshark but do no damage.
The skyshark looks as sick as possible!
Your headbutt misses the skyshark.
The skyshark is severely wounded.
The skyshark is struck by your spines.
The skyshark bites you but does no damage.
The skyshark misses you. The skyshark barely misses you.
You hit the skyshark but do no damage.
The skyshark looks as sick as possible!
The skyshark is almost dead.
The skyshark bites you.
* * * LOW HITPOINT WARNING * * *
The skyshark tail-slaps you but does no damage.
The skyshark tail-slaps you.
You die... "What!?
That's it?"

Skill      XL: |  1  2  3  4  5  6  7  8  9 10 11 12 |
---------------+-------------------------------------+-----
Polearms       | 3 4 5 6 7 9 10 11 12 | 12.0
Evocations     | 4 7 9 11 13 | 13.8
Armour         | 2 6 9 10 | 10.0
Fighting       | 6 |  6.9
Dodging        | |  0.8

Action                     |  1- 3 |  4- 6 |  7- 9 | 10-12 | 13-15 || total
---------------------------+-------+-------+-------+-------+-------++-------
  Melee: Spear             |    97 |   156 |   481 |   596 |    13 ||  1343
         Punch             |     1 |       |     6 |     9 |       ||    16
         Headbutt          |     6 |    21 |    93 |   154 |     3 ||   277
  Evoke: Lightning rod     |       |       |    14 |    31 |     1 ||    46
         Wand              |       |       |       |    35 |     1 ||    36
         Sack of spiders   |       |       |       |     2 |     1 ||     3
    Use: Scroll            |     1 |     5 |    14 |    12 |     1 ||    33
         Potion            |       |     3 |     3 |     5 |     2 ||    13
   Stab: Sleeping          |     1 |     4 |     5 |     2 |       ||    12
         Confused          |       |     1 |       |    14 |       ||    15
         Distracted        |       |       |     3 |     3 |       ||     6
         Invisible         |       |       |     6 |       |       ||     6
         Petrified         |       |       |       |     4 |       ||     4
         Petrifying        |       |       |       |     2 |       ||     2
         Held in net/web   |       |       |       |     1 |       ||     1
 Armour: Leather armour    |    40 |    55 |   109 |       |       ||   204
         Ring mail         |       |       |    13 |   227 |    23 ||   263
  Dodge: Dodged            |    32 |    42 |    92 |   146 |    10 ||   322

Levels and vault maps discovered:
D:1:      matt_arrival_refuge, layout_basic,
          shapermc_ecumenical_altar_starsandcircs, minmay_liquid_box,
          grunt_decor_cap, minmay_misc_feat_diagonals, hangedman_glass_garden
D:2:      minmay_diamond_boxcup, layout_basic
D:3:      layout_loops_ring, tgw_trog, grunt_decor_arrowhead, uniq_robin,
          uniq_terence
D:4:      layout_rooms, gammafunk_temple_of_torment, kennysheep_mini_moat,
          uniq_ijyb, uniq_edmund
D:5:      layout_layer_cave, jmf_multi_god_temple2, serial_shops,
          nicolae_shop_hallway_plus, gammafunk_ghost_smash
D:6:      layout_loops_ring, minmay_temple_entry_proselytizer, serial_shops,
          shop, nicolae_shop_statue_plus, nicolae_shop_pleasant_corner_grove,
          uniq_maggie
D:7:      wander_river, layout_basic, nemelex_xobeh_ov_fountains_minmay,
          serial_shops, nicolae_shop_back_alley_shop,
          nicolae_ossuary_entry_giza, eino_small_chamber_without_monster,
          uniq_prince_ribbit1, uniq_crazy_yiuf_cottage
D:8:      layout_basic, nicolae_twisty_statue_hallways
D:9:      lemuel_ice_spiral_2, layout_stronghold
D:10:     layout_rooms, kennysheep_little_box, fedhas_altar_3,
          due_lair_maze_entry_diamond, hiddenorc2_lemuel,
          gammafunk_ghost_nasty_kobolds
Lair:1:   layout_big_grid, portal_ice_cave_entry_pillars_2, serial_bayou_pond_e
Lair:2:   dreamdust_cave_troll, layout_big_grid, minmay_swamp_entry_reptiles,
          spider_nest_entry_webs, uniq_erica
Lair:3:   layout_roguey, gauntlet_entry_generic, grunt_megastairs_4,
          uniq_josephine, uniq_snorg

Notes
Turn   | Place    | Note
-------+----------+-------------------------------------------
     0 | D:1      | demibob the Demonspawn Chaos Knight began the quest for the
                  | Orb.
     0 | D:1      | Reached XP level 1. HP: 18/18 MP: 1/1
     2 | D:1      | XOM: silly message
    43 | D:1      | Found a faded altar of an unknown god.
   119 | D:1      | XOM: divination: magic mapping
   121 | D:1      | Reached skill level 3 in Polearms
   170 | D:1      | Gained mutation: You are partially covered in sharp spines.
                  | [demonic ancestry]
   170 | D:1      | Reached XP level 2. HP: 22/24 MP: 2/2
   460 | D:1      | Gained mutation: You have a pair of small horns on your
                  | head. [demonic ancestry]
   460 | D:1      | Reached XP level 3. HP: 29/29 MP: 3/3
   544 | D:1      | XOM: divination: detect creatures
   654 | D:1      | XOM: silly message
  1006 | D:2      | Reached skill level 4 in Polearms
  1015 | D:2      | XOM: silly message
  1293 | D:2      | Gained mutation: Your movements are slightly less
                  | encumbered by armour. (ER -2) [demonic ancestry]
  1293 | D:2      | Reached XP level 4. HP: 28/35 MP: 4/4
  1793 | D:3      | XOM: confuse monster(s)
  1798 | D:3      | Reached skill level 5 in Polearms
  1798 | D:3      | XOM: divination: detect items
  1914 | D:3      | Gained mutation: You regenerate magic rapidly. [demonic
                  | ancestry]
  1914 | D:3      | Reached XP level 5. HP: 40/41 MP: 5/5
  2025 | D:3      | Noticed Terence
  2040 | D:3      | Killed Terence
  2062 | D:3      | Noticed Robin
  2084 | D:3      | Reached skill level 6 in Polearms
  2087 | D:3      | Gained mutation: You have a pair of horns on your head.
                  | [demonic ancestry]
  2087 | D:3      | Reached XP level 6. HP: 46/47 MP: 6/6
  2095 | D:3      | Killed Robin
  2144 | D:3      | XOM: polymorph orc -> jackal
  2210 | D:3      | XOM: god gift: book of Armaments
  2227 | D:3      | Noticed a moth of wrath
  2230 | D:3      | Found a bloodstained altar of Trog.
  2255 | D:3      | XOM: summons 3 friendly demons
  2260 | D:3      | XOM: cleaving
  2621 | D:4      | Noticed Edmund
  2645 | D:4      | Reached skill level 7 in Polearms
  2661 | D:4      | Killed Edmund
  2662 | D:4      | Gained mutation: When hurt, damage is shared between your
                  | health and your magic reserves. [demonic ancestry]
  2662 | D:4      | Reached XP level 7. HP: 15/51 MP: 7/7
  2664 | D:4      | an orc changed into a glowing shapeshifter
  2664 | D:4      | Noticed a glowing shapeshifter (glowing shapeshifter)
  2664 | D:4      | a glowing shapeshifter changed into a floating eye
  2668 | D:4      | a floating eye changed into an orb spider
  2668 | D:4      | Noticed an orb spider (glowing shapeshifter)
  2672 | D:4      | an orb spider changed into a faun
  2672 | D:4      | Noticed a faun (glowing shapeshifter)
  2676 | D:4      | XOM: scenery: summon butterflies
  2678 | D:4      | a faun changed into a sea snake
  2678 | D:4      | Noticed a sea snake (glowing shapeshifter)
  2682 | D:4      | XOM: fog
  2683 | D:4      | a sea snake changed into a moth of wrath
  2683 | D:4      | Noticed a moth of wrath (glowing shapeshifter)
  2906 | D:4      | Noticed Ijyb
  2914 | D:4      | XOM: enchant monster (good)
  2918 | D:4      | XOM: confusion (+ monsters)
  2918 | D:4      | Killed Ijyb
  3191 | D:4      | Found a basalt altar of Yredelemnul.
  3191 | D:4      | Noticed Menkaure
  3192 | D:4      | Found an ancient bone altar of Kikubaaqudgha.
  3209 | D:4      | Found a transporter.
  3211 | D:4      | Found a transporter.
  3211 | D:4      | XOM: 5-stop teleportation journey
  3251 | D:4      | Found a shadowy altar of Dithmenos.
  3311 | D:4      | XOM: divination: detect creatures
  3327 | D:4      | Reached skill level 8 in Polearms
  3391 | D:4      | XOM: silly message
  3419 | D:4      | Killed Menkaure
  3474 | D:4      | XOM: divination: magic mapping
  3484 | D:5      | Entered Level 5 of the Dungeon
  3497 | D:5      | Reached skill level 9 in Polearms
  3497 | D:5      | Reached XP level 8. HP: 53/58 MP: 6/8
  3556 | D:5      | XOM: silly message
  3645 | D:5      | XOM: cloud trail
  3732 | D:5      | Found a large runed translucent door.
  3733 | D:5      | Found a large runed translucent door.
  3816 | D:5      | Found Zapsocel's Distillery.
  3833 | D:5      | Bought a potion of haste for 140 gold pieces
  3833 | D:5      | Bought a potion of mutation for 112 gold pieces
  3833 | D:5      | Bought a potion of curing for 42 gold pieces
  3874 | D:5      | XOM: silly message
  4020 | D:5      | XOM: silly message
  4380 | D:5      | Found a transporter.
  4382 | D:5      | Found a transporter.
  4383 | D:5      | Noticed lunkers's ghost (novice MeSh)
  4421 | D:5      | XOM: potion effect (haste)
  4431 | D:5      | Reached skill level 1 in Evocations
  4627 | D:5      | Found an iron altar of Okawaru.
  4644 | D:5      | Found a broken altar of Ashenzari.
  4718 | D:5      | Identified a scroll of acquirement
  4718 | D:5      | Acquired the amulet "Koinu" {Faith rC+ MP+9 Int+2 SInv}
  4852 | D:6      | Found Eraczag's Jewellery Emporium.
  4942 | D:6      | XOM: potion effect (curing)
  4947 | D:6      | Reached skill level 10 in Polearms
  4947 | D:6      | Reached skill level 2 in Evocations
  4966 | D:6      | Found a staircase to the Ecumenical Temple.
  4967 | D:6      | Found Ijipopy's Magic Scroll Emporium.
  4992 | D:6      | XOM: divination: detect items
  5066 | D:6      | Bought a scroll of fear for 48 gold pieces
  5205 | D:6      | Noticed Maggie
  5225 | D:6      | Killed Maggie
  5226 | D:6      | Reached skill level 3 in Evocations
  5249 | D:6      | Reached skill level 4 in Evocations
  5249 | D:6      | Gained mutation: You are mostly covered in sharp spines.
                  | [demonic ancestry]
  5249 | D:6      | Reached XP level 9. HP: 31/63 MP: 9/9
  5252 | D:6      | XOM: cast spell 'Leda's Liquefaction'
  5401 | D:6      | Found Eniab's Weapon Shop.
  5422 | D:6      | XOM: silly message
  5639 | D:6      | Identified a potion of resistance
  5651 | D:7      | XOM: cast spell 'Summon Ice Beast'
  5718 | D:7      | Found Lyducifiorr's Book Emporium.
  5740 | D:7      | XOM: potion effect (invisibility)
  5775 | D:7      | Found a sand-covered staircase.
  5785 | Ossuary  | Entered an ossuary
  6034 | Ossuary  | XOM: cast spell 'Alistair's Intoxication'
  6049 | Ossuary  | Reached skill level 5 in Evocations
  6050 | Ossuary  | XOM: confuse monster(s)
  6075 | Ossuary  | XOM: enchant monster (good)
  6259 | D:7      | XOM: noise
  6263 | D:7      | Reached skill level 11 in Polearms
  6401 | D:7      | XOM: noise
  6417 | D:7      | Noticed Prince Ribbit
  6511 | D:7      | XOM: summons friendly shadow imp
  6513 | D:7      | Killed Prince Ribbit
  6514 | D:7      | Reached skill level 6 in Evocations
  6710 | D:7      | Found a sparkling altar of Nemelex Xobeh.
  6839 | D:7      | Found a runed translucent door.
  6840 | D:7      | Noticed Crazy Yiuf
  6848 | D:7      | Killed Crazy Yiuf
  6879 | D:7      | XOM: silly message
  7037 | D:8      | Identified the +3 ring mail of Cunalage {rElec rF+ Stlth+}
  7052 | D:8      | XOM: 4-stop teleportation journey
  7072 | D:8      | Reached skill level 2 in Armour
  7289 | D:8      | XOM: fog
  7293 | D:8      | XOM: scenery: summon butterflies
  7434 | D:8      | XOM: cleaving
  7552 | D:8      | Reached skill level 7 in Evocations
  7552 | D:8      | Gained mutation: You have a pair of large horns on your
                  | head. [demonic ancestry]
  7552 | D:8      | Reached XP level 10. HP: 69/70 MP: 10/10
  7675 | D:8      | XOM: noise
  7782 | D:8      | XOM: silly message
  7832 | D:9      | XOM: potion effect (might)
  7835 | D:9      | Reached skill level 3 in Armour
  7864 | D:9      | XOM: god gift: 22 gold pieces
  7913 | D:9      | XOM: summons 2 hostile demons
  8296 | D:9      | XOM: give mutations
  8296 | D:9      | Gained mutation: Your mind is acute. (Int +4, Str/Dex -1)
                  | [Xom's mischief]
  8296 | D:9      | Gained mutation: You possess an exceptional clarity of
                  | mind. [Xom's mischief]
  8407 | D:9      | XOM: cast spell 'Cause Fear'
  8455 | D:9      | XOM: summons friendly shadow imp
  8456 | D:9      | XOM: divination: detect creatures
  8458 | D:9      | XOM: enchant monster (good)
  8616 | D:10     | Entered Level 10 of the Dungeon
  8687 | D:10     | Reached skill level 12 in Polearms
  8692 | D:10     | Reached skill level 4 in Armour
  8699 | D:10     | XOM: divine lightning
  8845 | D:10     | Reached skill level 8 in Evocations
  8860 | D:10     | XOM: cleaving
  8886 | D:10     | XOM: enchant monster (bad)
  8888 | D:10     | XOM: cleaving
  8895 | D:10     | XOM: confuse monster(s)
  8905 | D:10     | XOM: confuse monster(s)
  8914 | D:10     | Reached skill level 5 in Armour
  8934 | D:10     | XOM: divination: detect items
  8941 | D:10     | Reached skill level 9 in Evocations
  8941 | D:10     | XOM: fog
  8956 | D:10     | XOM: polymorph orc -> rat
  8963 | D:10     | XOM: scenery: summon butterflies
  8964 | D:10     | XOM: fog
  8968 | D:10     | XOM: polymorph butterfly -> gnoll
  8971 | D:10     | Noticed a two-headed ogre
  8972 | D:10     | XOM: divine lightning
  8977 | D:10     | Reached skill level 6 in Armour
  8977 | D:10     | Killed a two-headed ogre
  8978 | D:10     | Gained mutation: Your movements are less encumbered by
                  | armour. (ER -4) [demonic ancestry]
  8978 | D:10     | Reached XP level 11. HP: 64/75 MP: 11/11
  8984 | D:10     | XOM: summons 3 friendly demons
  9085 | D:10     | XOM: 1-stop teleportation journey
  9088 | D:10     | Noticed a two-headed ogre
  9097 | D:10     | Found a blossoming altar of Fedhas.
  9097 | D:10     | XOM: 4-stop teleportation journey
  9158 | D:10     | XOM: god gift: scroll labelled PIGACVOW AJO {god gift}
  9169 | D:10     | Killed a two-headed ogre
  9170 | D:10     | Reached skill level 7 in Armour
  9170 | D:10     | Reached skill level 10 in Evocations
  9220 | D:10     | XOM: enchant monster (good)
  9373 | D:10     | Found a runed translucent gate.
  9373 | D:10     | Found a runed translucent gate.
  9374 | D:10     | Found a runed translucent gate.
  9374 | D:10     | Noticed Doj's ghost (journeyman MiBe)
  9420 | D:10     | Found a staircase to the Orcish Mines.
  9465 | D:10     | Found a staircase to the Lair.
  9508 | D:10     | XOM: cloud trail
  9633 | D:10     | Found a hazy altar of Hepliaklqana.
  9738 | D:10     | XOM: give mutations
  9738 | D:10     | Gained mutation: You are agile. (Dex +4, Str/Int -1) [Xom's
                  | grace]
  9738 | D:10     | Gained mutation: You passively map a small area around you.
                  | [Xom's grace]
  9874 | D:10     | XOM: silly message
  9888 | D:10     | XOM: destruction
  9928 | D:10     | Killed Doj's ghost
  9993 | D:10     | XOM: noise
 10124 | Lair:1   | Entered Level 1 of the Lair of Beasts
 10124 | Lair:1   | Found a frozen archway.
 10134 | Lair:1   | Reached skill level 8 in Armour
 10166 | IceCv    | Entered an ice cave
 10183 | IceCv    | Reached skill level 11 in Evocations
 10413 | IceCv    | Noticed a death yak
 10448 | IceCv    | Killed a death yak
 10551 | IceCv    | XOM: draining
 10596 | IceCv    | Noticed a death yak
 10596 | IceCv    | Noticed a death yak
 10598 | IceCv    | Noticed a death yak
 10605 | IceCv    | XOM: blink monster(s)
 10606 | IceCv    | Reached skill level 9 in Armour
 10627 | IceCv    | XOM: enchant monster (bad)
 10639 | IceCv    | XOM: confuse monster(s)
 10640 | IceCv    | XOM: enchant monster (good)
 10651 | IceCv    | Killed a death yak
 10652 | IceCv    | Gained mutation: When low on magic, you restore magic in
                  | place of health. [demonic ancestry]
 10652 | IceCv    | Reached XP level 12. HP: 56/79 MP: 12/12
 10652 | IceCv    | Killed a death yak
 10692 | IceCv    | XOM: divination: magic mapping
 10877 | IceCv    | XOM: 2-stop teleportation journey
 10984 | Lair:1   | XOM: summons 1 hostile shadow creature
 11106 | Lair:1   | Reached skill level 12 in Evocations
 11106 | Lair:1   | XOM: divination: detect creatures
 11336 | Lair:1   | Noticed a boulder beetle
 11353 | Lair:1   | XOM: destruction
 11363 | Lair:1   | Killed a boulder beetle
 11629 | Lair:2   | XOM: divination: detect items
 11631 | Lair:2   | XOM: summons 5 friendly demons
 11660 | Lair:2   | XOM: god gift: 41 gold pieces
 11707 | Lair:2   | Got the Commentary on Curses and Battle Magic
 11724 | Lair:2   | Found a hole to the Spider Nest.
 11728 | Lair:2   | Noticed Erica
 11734 | Lair:2   | Killed Erica
 11735 | Lair:2   | Reached skill level 10 in Armour
 11814 | Lair:2   | XOM: scenery: create altars
 11999 | Lair:2   | Reached skill level 4 in Fighting
 12011 | Lair:2   | Noticed a catoblepas
 12021 | Lair:2   | Reached skill level 13 in Evocations
 12037 | Lair:2   | Killed a catoblepas
 12038 | Lair:2   | Reached skill level 5 in Fighting
 12096 | Lair:2   | XOM: torment (44/86 hp)
 12189 | Lair:2   | XOM: give mutations
 12189 | Lair:2   | Gained mutation: You passively dampen the noise of your
                  | surroundings. [Xom's grace]
 12189 | Lair:2   | Gained mutation: Your muscles are strong. (Str +4, Int/Dex
                  | -1) [Xom's grace]
 12189 | Lair:2   | Gained mutation: Your flesh is cold resistant. (rC+) [Xom's
                  | grace]
 12189 | Lair:2   | Gained mutation: You expend magic power (3 MP) to
                  | strengthen your wands. [Xom's grace]
 12234 | Lair:2   | Found a staircase to the Swamp.
 12297 | Lair:2   | XOM: scenery: summon butterflies
 12351 | Lair:2   | XOM: god gift: glowing plate armour {god gift}
 12380 | Lair:2   | XOM: polymorph yak -> glowing shapeshifter
 12727 | Lair:2   | Reached skill level 6 in Fighting
 12844 | Lair:3   | Found a gate leading to a gauntlet.
 12848 | Lair:3   | XOM: fog
 12851 | Gauntlet | Entered a Gauntlet
 12851 | Gauntlet | Found a transporter.
 12851 | Gauntlet | Found a transporter.
 12851 | Gauntlet | Found a transporter.
 12852 | Gauntlet | Found a transporter.
 12856 | Gauntlet | Found a transporter.
 12856 | Gauntlet | Found a transporter.
 12862 | Gauntlet | Noticed a catoblepas
 12863 | Gauntlet | Found a transporter.
 12864 | Gauntlet | Found a transporter.
 12865 | Gauntlet | Found a transporter.
 12867 | Gauntlet | Found a transporter.
 12870 | Gauntlet | XOM: scenery: summon butterflies
 12875 | Gauntlet | Found a transporter.
 12875 | Gauntlet | Found a transporter.
 12875 | Gauntlet | Noticed a green death
 13053 | Gauntlet | XOM: scenery: create altars
 13061 | Gauntlet | Identified the staff "Davyah" {rElec rF- Int+4 Dex+3 Conj}
 13169 | Gauntlet | XOM: summons 4 hostile shadow creatures
 13263 | Gauntlet | Noticed a minotaur
 13267 | Gauntlet | Killed a minotaur
 13279 | Gauntlet | Identified the +9 orcbow of Truth {drain, Fly Str+4 Dex+2
                  | SInv}
 13288 | Lair:3   | XOM: swap monsters
 13346 | Lair:3   | XOM: give mutations
 13346 | Lair:3   | Lost mutation: You possess an exceptional clarity of mind.
                  | [Xom's mischief]
 13346 | Lair:3   | Gained mutation: Your body sometimes deteriorates upon
                  | taking damage. [Xom's mischief]
 13346 | Lair:3   | Lost mutation: You passively map a small area around you.
                  | [Xom's mischief]
 13383 | Lair:3   | Noticed a seven-headed hydra
 13383 | Lair:3   | XOM: 1-stop teleportation journey
 13391 | Lair:3   | Reached XP level 13. HP: 49/95 MP: 13/13
 13439 | Lair:3   | XOM: torment (50/95 hp)
 13520 | Lair:3   | XOM: torment (47/95 hp)
 13567 | Lair:3   | XOM: stat loss: -1 Str (16/17)
 13579 | Lair:3   | >>death here
 13580 | Lair:3   | HP: 5/95 [skyshark (16)]
 13583 | Lair:3   | HP: 2/95 [skyshark (3)]
 13583 | Lair:3   | Slain by a skyshark

Vanquished Creatures
  A minotaur (Gauntlet)
  The ghost of Doj the Severer, a journeyman MiBe of Trog (D:10)
  A boulder beetle (Lair:1)
  2 two-headed ogres (D:10)
  3 death yaks (IceCv)
  Erica (Lair:2)
  A swamp dragon (Lair:2)
  A deep troll (Lair:2)
  A lindwurm (Lair:2)
  2 black mambas
  A water nymph (shapeshifter) (Lair:2)
  Maggie (D:6)
  5 cane toads
  An unseen horror (D:10)
  2 rime drakes (IceCv)
  A komodo dragon (Lair:3)
  2 trolls
  5 polar bears (IceCv)
  3 blink frogs (Lair:2)
  2 hornets (D:9)
  Prince Ribbit (D:7)
  6 slime creatures (D:10)
  29 yaks
  A redback (Lair:2)
  A steam dragon (D:8)
  Menkaure (D:4)
  Edmund (D:4)
  3 swamp worms (Gauntlet)
  8 water moccasins
  A sky beast (D:7)
  3 black bears
  4 orc warriors
  An ice beast (D:7)
  5 centaurs
  7 wolves
  2 phantoms (D:4)
  3 kobold brigands (D:10)
  3 elf zombies (Ossuary)
  9 bullfrogs
  A necrophage (D:4)
  2 gnoll sergeants
  2 scorpions
  7 killer bees
  4 hounds
  8 orc priests
  2 gnoll boudas
  A human zombie (Ossuary)
  Crazy Yiuf (D:7)
  Ijyb (D:4)
  3 sleepcaps
  5 iguanas
  9 orc wizards
  3 mummies
  Robin (D:3)
  9 adders
  18 gnolls
  A white imp (D:5)
  An adder skeleton (D:4)
  3 worms
  5 dart slugs
  58 orcs
  A ball python (shapeshifter) (D:4)
  9 bats
  7 endoplasms
  A giant cockroach (D:1)
  12 goblins
  11 hobgoblins
  6 jackals
  7 kobolds
  3 quokkas
  9 ball pythons
  2 frilled lizards
  4 goblin zombies (Ossuary)
  7 hobgoblin zombies
  A jackal zombie (Ossuary)
  13 kobold zombies
  9 orc zombies (Ossuary)
  11 rats
  A rat zombie (Ossuary)
385 creatures vanquished.

Vanquished Creatures (collateral kills)
  A hydra (Lair:3)
  A catoblepas (Lair:2)
  A komodo dragon (Lair:2)
  A cane toad (Lair:3)
  2 kobold demonologists (D:10)
  2 yaks (Lair:2)
  2 water moccasins
  3 kobold brigands (D:10)
  A killer bee (D:9)
  Terence (D:3)
  2 orc wizards (D:3)
  3 orcs
  An endoplasm (D:3)
  5 goblins (D:3)
  2 hobgoblins (D:3)
  2 kobolds (D:3)
30 creatures vanquished.

Vanquished Creatures (others)
  A death yak (IceCv)
  2 yaks (D:10)
  A kobold brigand (D:10)
  A killer bee (D:9)
  An orc wizard (D:4)
  An orc (D:10)
7 creatures vanquished.

Grand Total: 422 creatures vanquished

Table legend: (Time is in decaauts)
 A = Elapsed time spent in this place.
 B = Non-inter-level travel time spent in this place.
 C = Inter-level travel time spent in this place.
 D = Time resting spent in this place.
 E = Time spent auto-exploring this place.
 F = Levels seen in this place.
 G = Mean time per level.
                   A        B        C        D        E       F      G
               +--------+--------+--------+--------+--------+-----+--------+
         Total |  13013 |  12493 |    520 |   1379 |   8694 |  16 |  813.3 |
       Dungeon |   9433 |   8988 |    445 |    810 |   6563 |  10 |  943.3 |
          Lair |   2075 |   2001 |     74 |     38 |   1613 |   3 |  691.7 |
       Ossuary |    342 |    342 |      0 |     57 |    140 |   1 |  342.0 |
      Ice Cave |    750 |    750 |      0 |    305 |    250 |   1 |  750.0 |
      Gauntlet |    410 |    410 |      0 |    169 |    127 |   1 |  410.0 |
               +--------+--------+--------+--------+--------+-----+--------+

Top non-repeatable levels by time:
    D:10: 1353 daAuts
     D:5: 1217 daAuts
  Lair:2: 1128 daAuts
     D:1: 959 daAuts
     D:6: 923 daAuts
     D:3: 900 daAuts
     D:8: 891 daAuts
     D:9: 826 daAuts
     D:2: 796 daAuts
     D:7: 785 daAuts
     D:4: 780 daAuts
   IceCv: 750 daAuts
  Lair:1: 634 daAuts
Gauntlet: 410 daAuts
 Ossuary: 342 daAuts

Table legend:
 A = Non-vault XP
 B = Vault XP
 C = Vault XP percentage of total XP
 D = Non-vault monster count
 E = Vault monster count
 F = Vault count percentage of total count
                 A         B        C        D         E       F
            +---------+---------+-------+---------+---------+-------
      Total |   24355 |   15480 |  38.9 |     257 |     162 |  38.7
            +---------+---------+-------+---------+---------+-------
        D:1 |      48 |       0 |   0.0 |      28 |       0 |   0.0
        D:2 |      56 |      48 |  46.2 |      15 |      12 |  44.4
        D:3 |     202 |      85 |  29.6 |      26 |      19 |  42.2
        D:4 |     268 |     670 |  71.4 |      24 |       7 |  22.6
        D:5 |     634 |      50 |   7.3 |      22 |       2 |   8.3
        D:6 |     405 |     436 |  51.8 |       8 |       2 |  20.0
        D:7 |    1026 |     316 |  23.5 |      35 |       5 |  12.5
        D:8 |    1080 |       0 |   0.0 |      12 |       0 |   0.0
        D:9 |    1281 |       0 |   0.0 |       9 |       0 |   0.0
       D:10 |    6534 |    3178 |  32.7 |      33 |      48 |  59.3
     Lair:1 |    2796 |       0 |   0.0 |      10 |       0 |   0.0
     Lair:2 |    6743 |    2683 |  28.5 |      25 |       7 |  21.9
     Lair:3 |    3282 |       0 |   0.0 |      10 |       0 |   0.0
    Ossuary |       0 |     400 | 100.0 |       0 |      39 | 100.0
      IceCv |       0 |    6162 | 100.0 |       0 |      17 | 100.0
   Gauntlet |       0 |    1452 | 100.0 |       0 |       4 | 100.0
            +---------+---------+-------+---------+---------+-------
